Saguenéens vs Knights (R1)

Created - November 26, 2019 at 19:02

Goals
1 2 3 T
Saguenéens 0 1 3 4
Knights 1 1 4 6
Shots
1 2 3 T
Saguenéens 13 9 16 38
Knights 7 4 11 22

1st period

1. Knights , Jordan Martinook 5 (Josh Bailey 8, Jaccob Slavin 7) at 18:52 (PP)

Penalties :
Jaccob Slavin (Lon) for Hooking (Minor) at 0:17, Mason Raymond (Chi) for Hooking (Minor) at 8:35, Brendan Gaunce (Lon) for Roughing (Minor) at 13:05, Seth Helgeson (Chi) for Holding (Minor) at 18:41

2nd period

2. Knights , Josh Bailey 7 (Ronalds Kenins 2, Ludwig Bystrom 5) at 2:36
3. Saguenéens , Craig Cunningham 4 (Seth Helgeson 10, Kevin Marshall 2) at 7:11

Penalties :
Nick Mattson (Chi) for High sticking (Minor) at 2:41, Boone Jenner (Lon) for Diving (Minor) at 14:31

3rd period

4. Knights , Josh Bailey 8 (Ronalds Kenins 3, Boone Jenner 7) at 0:16
5. Saguenéens , Nathan MacKinnon 3 (Luke Witkowski 17) at 2:05
6. Knights , Ronalds Kenins 3 (Ludwig Bystrom 6, Boone Jenner 8) at 3:25
7. Saguenéens , Mason Raymond 12 (Nathan MacKinnon 7, Luke Witkowski 18) at 11:03 (PP)
8. Knights , Jaccob Slavin 2 (Jordan Martinook 9, Boone Jenner 9) at 15:05 (PP)
9. Saguenéens , Luke Witkowski 7 (Nathan MacKinnon 8) at 16:45 (PP)
10. Knights , Linden Vey 10 (Jordan Martinook 10, Boone Jenner 10) at 19:21 (Empty Net)

Penalties :
Ronalds Kenins (Lon) for High sticking (Minor) at 10:19, Nick Mattson (Chi) for High sticking (Minor) at 15:00, Ronalds Kenins (Lon) for Delaying the game (Minor) at 16:33, Jaccob Slavin (Lon) for Elbowing (Minor) at 17:01

Goalie Stats

Joe Cannata (Chi), 11 saves from 15 shots - (0.733), 43:25 minutes
Tyler Beskorowany (Chi), 5 saves from 6 shots - (0.833), L, 0-2-0, 16:19 minutes
Magnus Hellberg (Lon), 34 saves from 38 shots - (0.895), W, 7-5-2, 60:00 minutes

Players Stats for Saguenéens

Player Name              G  A  P  +/- PIM S  H  SB GA TA FO     MP     PP MP  PK MP  
------------------------------------------------------------------------------------
Adam Erne                0  0  0  -1  0   0  0  1  0  0  0/0     8:46   0:24   0:00 
Alexander Wennberg       0  0  0   0  0   3  3  0  0  0  8/15   17:06   3:59   0:57 
Carl Hagelin             0  0  0   0  0   3  1  1  1  0  0/0    15:54   3:59   0:00 
Craig Cunningham         1  0  1   1  0   2  2  0  1  1  0/0    12:30   0:39   0:54 
Duncan Siemens           0  0  0  -1  0   0  1  2  0  0  0/0    10:49   0:00   1:04 
Henrik Samuelsson        0  0  0   1  0   3  2  0  0  0  2/7    11:08   0:00   0:47 
Jake McCabe              0  0  0   0  0   3  0  0  0  0  0/0    21:45   3:55   2:10 
Kevin Marshall           0  1  1  -1  0   2  3  0  0  1  0/0    28:14   4:57   2:04 
Luke Witkowski           1  2  3  -2  0   8  4  3  2  1  1/2    22:46   4:22   2:23 
Mark Stone               0  0  0   0  0   4  1  0  0  0  1/1    15:51   3:59   0:00 
Mason Raymond            1  0  1  -2  2   2  3  1  0  0  2/3    21:52   4:22   1:10 
Mattias Janmark          0  0  0  -1  0   0  0  0  1  0  0/2     7:21   0:00   0:00 
Nathan MacKinnon         1  2  3  -2  0   4  0  1  0  0  14/22  21:37   4:21   0:57 
Nick Mattson             0  0  0   0  4   0  0  1  0  0  0/0    20:51   3:55   1:06 
Patrick Sieloff          0  0  0  -1  0   0  2  1  0  0  0/0    10:01   0:00   0:00 
Rhett Rakhshani          0  0  0   1  0   0  0  0  0  0  2/3    11:44   0:00   1:20 
Seth Helgeson            0  1  1  -1  2   2  5  0  0  2  0/0    28:31   4:57   2:04 
Teemu Pulkkinen          0  0  0  -1  0   2  0  0  1  0  0/1     8:56   0:31   0:00 

Players Stats for Knights

Player Name              G  A  P  +/- PIM S  H  SB GA TA FO     MP     PP MP  PK MP  
------------------------------------------------------------------------------------
Alan Quine               0  0  0  -1  0   0  1  0  0  0  2/2     7:39   0:00   0:20 
Boone Jenner             0  4  4   3  2   1  1  0  1  0  15/30  23:05   2:21   4:06 
Brendan Gaunce           0  0  0   0  2   2  3  0  0  0  3/9    15:34   0:09   2:58 
Collin Miller            0  0  0   1  0   0  4  1  0  0  0/0    17:44   2:32   3:57 
Jaccob Slavin            1  1  2   2  4   1  1  1  0  0  0/0    25:52   2:32   2:37 
Jordan Martinook         1  2  3   1  0   1  1  0  0  0  0/0    13:39   2:29   0:00 
Josh Bailey              2  1  3   2  0   4  2  1  1  0  1/2    20:30   2:29   2:44 
Josh Morrissey           0  0  0  -1  0   1  1  1  0  0  0/0    15:20   0:00   0:00 
Linden Vey               1  0  1   1  0   2  3  0  0  0  1/1    18:26   1:44   5:24 
Ludwig Bystrom           0  2  2   1  0   1  2  0  0  1  0/0    12:04   0:00   0:37 
Michael Matheson         0  0  0  -1  0   0  2  2  0  3  0/0    22:08   1:42   5:04 
Miro Aaltonen            0  0  0   0  0   0  0  0  1  0  3/10   14:07   1:44   1:28 
Nathan Walker            0  0  0  -1  0   1  1  0  1  0  0/0     7:19   0:00   0:00 
Nikolay Goldobin         0  0  0   0  0   3  0  0  0  0  0/0    12:01   0:00   0:00 
Ronalds Kenins           1  2  3   2  4   4  0  0  1  0  1/2    18:07   1:44   0:44 
Tomas Kundratek          0  0  0   2  0   1  2  2  0  1  0/0    27:22   1:42   5:29 
Valentin Zykov           0  0  0   0  0   0  1  0  0  1  0/0    12:13   0:01   0:00 
Vince Hinostroza         0  0  0  -1  0   0  1  0  0  0  0/0     7:52   0:01   0:00 

3 Stars

1 - Josh Bailey (Lon)
2 - Boone Jenner (Lon)
3 - Jordan Martinook (Lon)

Power Play

Saguenéens - 2 on 6 Attempt(s) - 33.33%
Knights - 2 on 4 Attempt(s) - 50.00%

Penalty Kill

Saguenéens - 2 on 4 Attempt(s) - 50.00% - Score 0 goal in Penalty Kill
Knights - 4 on 6 Attempt(s) - 66.67% - Score 0 goal in Penalty Kill

Team Stat

Saguenéens - Hits : 27 - Faceoff Wins : 30 - Blocked Shots : 11 - Penalty Minutes : 8
Knights - Hits : 26 - Faceoff Wins : 26 - Blocked Shots : 8 - Penalty Minutes : 12

Official

Referees : Unknown
Linesman : Unknown

Game Notes

Tyler Beskorowany enters game at 3:25 of 3rd period
Linden Vey has scored in a empty net!

Finance

Level 1 -- Attendance: 1348 (67.40%) -- Ticket Income $26,960
Level 2 -- Attendance: 716 (71.60%) -- Ticket Income $9,308
Total Attendance: 2064 (68.80%)
Total Ticket Income: $36,268
Other Income: $1,813
Total Income: $38,081

Saguenéens

5 vs 5 Forward 
   Center                   Left Wing                Right Wing               Time % Phy DF OF 
 1 Nathan MacKinnon         Mason Raymond            Luke Witkowski           40     1   2  2  
 2 Alexander Wennberg       Carl Hagelin             Mark Stone               30     1   2  2  
 3 Henrik Samuelsson        Craig Cunningham         Rhett Rakhshani          20     1   2  2  
 4 Mattias Janmark          Teemu Pulkkinen          Adam Erne                10     1   2  2  

5 vs 5 Defense 
   Defense                  Defense                                           Time % Phy DF OF 
 1 Kevin Marshall           Seth Helgeson                                     40     1   2  2  
 2 Jake McCabe              Nick Mattson                                      30     1   2  2  
 3 Patrick Sieloff          Duncan Siemens                                    20     1   2  2  
 4 Kevin Marshall           Seth Helgeson                                     10     1   2  2  

PowerPlay Forward 
   Center                   Left Wing                Right Wing               Time % Phy DF OF 
 1 Nathan MacKinnon         Mason Raymond            Luke Witkowski           60     1   2  2  
 2 Alexander Wennberg       Carl Hagelin             Mark Stone               40     1   2  2  

PowerPlay Defense
   Defense                  Defense                                           Time % Phy DF OF 
 1 Kevin Marshall           Seth Helgeson                                     60     1   2  2  
 2 Jake McCabe              Nick Mattson                                      40     1   2  2  

Penalty Kill 4 Players Forward 
   Center                   Wing                     Time % Phy DF OF 
 1 Mason Raymond            Luke Witkowski           60     1   2  2  
 2 Nathan MacKinnon         Alexander Wennberg       40     1   2  2  

Penalty Kill 4 Players Defense
   Defense                  Defense                  Time % Phy DF OF 
 1 Kevin Marshall           Seth Helgeson            60     1   2  2  
 2 Jake McCabe              Nick Mattson             40     1   2  2  

Penalty Kill - 3 Players Forward 
   Forward                                           Time % Phy DF OF 
 1 Mason Raymond                                     60     1   2  2  
 2 Luke Witkowski                                    40     1   2  2  

Penalty Kill - 3 Players Defense
   Defense                  Defense                  Time % Phy DF OF 
 1 Kevin Marshall           Seth Helgeson            60     1   2  2  
 2 Jake McCabe              Nick Mattson             40     1   2  2  

4 vs 4 Forward 
   Center                   Wing                     Time % Phy DF OF 
 1 Mason Raymond            Luke Witkowski           60     1   2  2  
 2 Nathan MacKinnon         Alexander Wennberg       40     1   2  2  

4 vs 4 Defense
   Defense                  Defense                  Time % Phy DF OF 
 1 Kevin Marshall           Seth Helgeson            60     1   2  2  
 2 Jake McCabe              Nick Mattson             40     1   2  2  

Last Minutes Offensive
   Center                   Left Wing                Right Wing               Defense                  Defense                  
   Nathan MacKinnon         Mason Raymond            Luke Witkowski           Kevin Marshall           Seth Helgeson            

Last Minutes Defensive
   Center                   Left Wing                Right Wing               Defense                  Defense                  
   Nathan MacKinnon         Mason Raymond            Luke Witkowski           Kevin Marshall           Seth Helgeson            

Goaltenders
Starting : Joe Cannata              
Backup : Tyler Beskorowany        

Extra Forwards
Normal : Craig Cunningham, Teemu Pulkkinen, Rhett Rakhshani - PP : Craig Cunningham, Teemu Pulkkinen - PK : Rhett Rakhshani
Extra Defensemen
Normal : Patrick Sieloff, Duncan Siemens, Jake McCabe - PP : Patrick Sieloff - PK : Duncan Siemens, Jake McCabe
Penalty Shots
Mason Raymond, Luke Witkowski, Nathan MacKinnon, Alexander Wennberg, Mark Stone

Scratches
Mikhail Grigorenko (Healthy), Tanner Richard (Healthy), Juraj Mikus (Healthy), Myles Bell (Healthy), Dylan Labbe (Healthy)
Nick Paul (Healthy), Kerby Rychel (Healthy), Calle Andersson (Healthy), Julius Honka (Healthy), Clark Bishop (Healthy)
Nikita Scherbak (Healthy), JJ. Piccinich (Healthy), Michael Giugovaz (Healthy)

Knights

5 vs 5 Forward 
   Center                   Left Wing                Right Wing               Time % Phy DF OF 
 1 Boone Jenner             Ronalds Kenins           Josh Bailey              40     1   2  2  
 2 Miro Aaltonen            Jordan Martinook         Linden Vey               30     1   2  2  
 3 Brendan Gaunce           Valentin Zykov           Nikolay Goldobin         20     1   2  2  
 4 Alan Quine               Nathan Walker            Vince Hinostroza         10     1   2  2  

5 vs 5 Defense 
   Defense                  Defense                                           Time % Phy DF OF 
 1 Jaccob Slavin            Tomas Kundratek                                   40     1   2  2  
 2 Michael Matheson         Josh Morrissey                                    30     1   2  2  
 3 Collin Miller            Ludwig Bystrom                                    20     1   2  2  
 4 Tomas Kundratek          Jaccob Slavin                                     10     1   2  2  

PowerPlay Forward 
   Center                   Left Wing                Right Wing               Time % Phy DF OF 
 1 Boone Jenner             Jordan Martinook         Josh Bailey              60     1   1  3  
 2 Miro Aaltonen            Ronalds Kenins           Linden Vey               40     1   1  3  

PowerPlay Defense
   Defense                  Defense                                           Time % Phy DF OF 
 1 Jaccob Slavin            Collin Miller                                     60     0   1  4  
 2 Michael Matheson         Tomas Kundratek                                   40     0   1  4  

Penalty Kill 4 Players Forward 
   Center                   Wing                     Time % Phy DF OF 
 1 Boone Jenner             Linden Vey               60     1   3  1  
 2 Brendan Gaunce           Josh Bailey              40     1   3  1  

Penalty Kill 4 Players Defense
   Defense                  Defense                  Time % Phy DF OF 
 1 Tomas Kundratek          Jaccob Slavin            60     1   3  1  
 2 Michael Matheson         Collin Miller            40     1   3  1  

Penalty Kill - 3 Players Forward 
   Forward                                           Time % Phy DF OF 
 1 Jordan Martinook                                  60     0   4  1  
 2 Linden Vey                                        40     0   4  1  

Penalty Kill - 3 Players Defense
   Defense                  Defense                  Time % Phy DF OF 
 1 Tomas Kundratek          Jaccob Slavin            60     1   3  1  
 2 Michael Matheson         Collin Miller            40     1   3  1  

4 vs 4 Forward 
   Center                   Wing                     Time % Phy DF OF 
 1 Miro Aaltonen            Linden Vey               60     1   2  2  
 2 Brendan Gaunce           Josh Bailey              40     1   2  2  

4 vs 4 Defense
   Defense                  Defense                  Time % Phy DF OF 
 1 Jaccob Slavin            Tomas Kundratek          60     1   2  2  
 2 Michael Matheson         Collin Miller            40     1   2  2  

Last Minutes Offensive
   Center                   Left Wing                Right Wing               Defense                  Defense                  
   Miro Aaltonen            Linden Vey               Josh Bailey              Jaccob Slavin            Tomas Kundratek          

Last Minutes Defensive
   Center                   Left Wing                Right Wing               Defense                  Defense                  
   Boone Jenner             Linden Vey               Jordan Martinook         Tomas Kundratek          Jaccob Slavin            

Goaltenders
Starting : Magnus Hellberg          
Backup : Elvis Merzlikins         

Extra Forwards
Normal : Jordan Martinook, Linden Vey, Miro Aaltonen - PP : Linden Vey, Miro Aaltonen - PK : Miro Aaltonen
Extra Defensemen
Normal : Jaccob Slavin, Michael Matheson, Tomas Kundratek - PP : Michael Matheson - PK : Jaccob Slavin, Michael Matheson
Penalty Shots
Miro Aaltonen, Jordan Martinook, Brendan Gaunce, Nathan Walker, Linden Vey

Scratches
Zach Nastasiuk (Healthy), Nicklas Jensen (Healthy), David Shields (Healthy), Matthew Benning (Healthy), Trevor Moore (Healthy)
Scott Wilson (Healthy), Curtis Valk (Healthy), Anthony Louis (Healthy), Travis Boyd (Healthy), Nicolas Petan (Sports Hernia Injury)
Fredrik Claesson (Healthy), Mackenzie MacEachern (Healthy), Anton Blidh (Healthy), Jayce Hawryluk (Healthy), A.J. Jenks (Healthy)
Ryan Collins (Healthy), William Lagesson (Healthy), Eamon McAdam (Healthy), Philippe Desrosiers (Healthy), Ville Husso (Healthy)

% Time on Ice - Saguenéens

Lines # - Real PCT - Wanted PCT - Time Play
Normal Forward
1 - 36% - 40% - 16:42
2 - 26% - 30% - 12:10
3 - 22% - 20% - 10:21
4 - 16% - 10% - 7:21
Normal Defense
1 - 41% - 40% - 19:10
2 - 33% - 30% - 15:35
3 - 22% - 20% - 10:01
4 - 4% - 10% - 1:48
PP Forward
1 - 55% - 60% - 4:53
2 - 45% - 40% - 3:59
PP Defense
1 - 56% - 60% - 4:57
2 - 44% - 40% - 3:55
PK Forward
1 - 78% - 60% - 3:17
2 - 22% - 40% - 0:57
PK Defense
1 - 49% - 60% - 2:04
2 - 51% - 40% - 2:10
PK3 Forward
1 - 0% - 60%
2 - 0% - 40%
PK3 Defense
1 - 0% - 60%
2 - 0% - 40%
44 Forward
1 - 0% - 60%
2 - 0% - 40%
44 Defense
1 - 0% - 60%
2 - 0% - 40%
Last Minute Offensive  - 0:20
Last Minute Defensive  - 0:00
Total
Forward - 60:00
Defense - 60:00

% Time on Ice - Knights

Lines # - Real PCT - Wanted PCT - Time Play
Normal Forward
1 - 35% - 40% - 16:27
2 - 23% - 30% - 10:55
3 - 26% - 20% - 12:01
4 - 16% - 10% - 7:19
Normal Defense
1 - 41% - 40% - 19:13
2 - 33% - 30% - 15:20
3 - 23% - 20% - 10:36
4 - 3% - 10% - 1:33
PP Forward
1 - 59% - 60% - 2:30
2 - 41% - 40% - 1:44
PP Defense
1 - 60% - 60% - 2:32
2 - 40% - 40% - 1:42
PK Forward
1 - 69% - 60% - 6:08
2 - 31% - 40% - 2:44
PK Defense
1 - 69% - 60% - 6:06
2 - 31% - 40% - 2:46
PK3 Forward
1 - 0% - 60%
2 - 0% - 40%
PK3 Defense
1 - 0% - 60%
2 - 0% - 40%
44 Forward
1 - 0% - 60%
2 - 0% - 40%
44 Defense
1 - 0% - 60%
2 - 0% - 40%
Last Minute Offensive  - 0:00
Last Minute Defensive  - 0:12
Total
Forward - 60:00
Defense - 60:00

Play-by-Play

1st period


0:01 of 1st period - Nathan MacKinnon wins face-off versus Boone Jenner in neutral zone.
0:17 of 1st period - Minor Penalty to Jaccob Slavin for Hooking.
0:18 of 1st period - Boone Jenner wins face-off versus Nathan MacKinnon in Knights zone.
0:18 of 1st period - Boone Jenner is hit by Seth Helgeson.
0:31 of 1st period - Wrist shot by Luke Witkowski.
0:31 of 1st period - Stopped by Magnus Hellberg with a rebound.
0:33 of 1st period - Slapshot by Seth Helgeson.
0:33 of 1st period - Shot Blocked by Michael Matheson.
1:01 of 1st period - Off-side.
1:02 of 1st period - Nathan MacKinnon wins face-off versus Boone Jenner in neutral zone.
1:09 of 1st period - Michael Matheson is hit by Luke Witkowski and loses puck.
1:29 of 1st period - Carl Hagelin is hit by Collin Miller and loses puck.
2:17 of 1st period - Penalty to Jaccob Slavin is over, Jaccob Slavin is back on ice.
2:20 of 1st period - Boone Jenner is hit by Craig Cunningham and loses puck.
2:49 of 1st period - Snap shot by Teemu Pulkkinen.
2:49 of 1st period - Stopped by Magnus Hellberg with a rebound.
2:51 of 1st period - Wrist shot by Teemu Pulkkinen.
2:51 of 1st period - Stopped by Magnus Hellberg with a rebound.
3:05 of 1st period - Snap shot by Brendan Gaunce.
3:05 of 1st period - Stopped by Joe Cannata with a rebound.
3:53 of 1st period - Patrick Sieloff is hit by Ludwig Bystrom and loses puck.
4:20 of 1st period - Jordan Martinook is hit by Mason Raymond and loses puck.
4:35 of 1st period - Tomas Kundratek is hit by Henrik Samuelsson and loses puck.
4:42 of 1st period - Wrist shot by Craig Cunningham.
4:42 of 1st period - Stopped by Magnus Hellberg without a rebound.
4:43 of 1st period - Alexander Wennberg wins face-off versus Brendan Gaunce in Knights zone.
4:50 of 1st period - Snap shot by Alexander Wennberg.
4:50 of 1st period - Stopped by Magnus Hellberg with a rebound.
4:56 of 1st period - Wrist shot by Mark Stone.
4:56 of 1st period - Shot Misses the Net.
5:17 of 1st period - Wrist shot by Linden Vey.
5:17 of 1st period - Shot Blocked by Luke Witkowski.
5:56 of 1st period - Jake McCabe is hit by Vince Hinostroza and loses puck.
6:31 of 1st period - Snap shot by Linden Vey.
6:31 of 1st period - Stopped by Joe Cannata with a rebound.
7:10 of 1st period - Craig Cunningham is hit by Josh Bailey and loses puck.
7:29 of 1st period - Valentin Zykov is hit by Luke Witkowski and loses puck.
7:44 of 1st period - Mason Raymond is hit by Collin Miller and loses puck.
8:02 of 1st period - Mark Stone is hit by Jaccob Slavin and loses puck.
8:17 of 1st period - Wrist shot by Josh Bailey.
8:17 of 1st period - Deflect By Henrik Samuelsson.
8:17 of 1st period - Shot Misses the Net.
8:17 of 1st period - Puck is out of play.
8:18 of 1st period - Josh Bailey wins face-off versus Henrik Samuelsson in Saguenéens zone.
8:32 of 1st period - Snap shot by Ronalds Kenins.
8:32 of 1st period - Stopped by Joe Cannata without a rebound.
8:33 of 1st period - Nathan MacKinnon wins face-off versus Miro Aaltonen in Saguenéens zone.
8:35 of 1st period - Minor Penalty to Mason Raymond for Hooking.
8:36 of 1st period - Boone Jenner wins face-off versus Rhett Rakhshani in Saguenéens zone.
8:38 of 1st period - Snap shot by Josh Bailey.
8:38 of 1st period - Stopped by Joe Cannata without a rebound.
8:39 of 1st period - Rhett Rakhshani wins face-off versus Boone Jenner in Saguenéens zone.
9:13 of 1st period - Off-side.
9:14 of 1st period - Miro Aaltonen wins face-off versus Henrik Samuelsson in neutral zone.
9:19 of 1st period - Wrist shot by Linden Vey.
9:19 of 1st period - Shot Blocked by Luke Witkowski.
9:45 of 1st period - Slapshot by Craig Cunningham.
9:45 of 1st period - Shot Blocked by Michael Matheson.
9:47 of 1st period - Snap shot by Kevin Marshall.
9:47 of 1st period - Deflect By Craig Cunningham.
9:47 of 1st period - Shot Blocked by Tomas Kundratek.
9:47 of 1st period - Puck is out of play.
9:48 of 1st period - Rhett Rakhshani wins face-off versus Miro Aaltonen in Knights zone.
10:01 of 1st period - Rhett Rakhshani is hit by Linden Vey.
10:35 of 1st period - Penalty to Mason Raymond is over, Mason Raymond is back on ice.
11:06 of 1st period - Wrist shot by Mark Stone.
11:06 of 1st period - Stopped by Magnus Hellberg without a rebound.
11:07 of 1st period - Alan Quine wins face-off versus Alexander Wennberg in Knights zone.
11:32 of 1st period - Snap shot by Luke Witkowski.
11:32 of 1st period - Stopped by Magnus Hellberg without a rebound.
11:33 of 1st period - Nathan MacKinnon wins face-off versus Boone Jenner in Knights zone.
11:42 of 1st period - Snap shot by Nathan MacKinnon.
11:42 of 1st period - Stopped by Magnus Hellberg with a rebound.
11:58 of 1st period - Nathan MacKinnon is hit by Brendan Gaunce and loses puck.
12:09 of 1st period - Jaccob Slavin is hit by Seth Helgeson and loses puck.
12:20 of 1st period - Snap shot by Nathan MacKinnon.
12:20 of 1st period - Shot Misses the Net.
12:22 of 1st period - Wrist shot by Kevin Marshall.
12:22 of 1st period - Stopped by Magnus Hellberg with a rebound.
12:24 of 1st period - Slapshot by Jake McCabe.
12:24 of 1st period - Stopped by Magnus Hellberg with a rebound.
12:26 of 1st period - Wrist shot by Mason Raymond.
12:26 of 1st period - Stopped by Magnus Hellberg with a rebound.
12:28 of 1st period - Snap shot by Luke Witkowski.
12:28 of 1st period - Stopped by Magnus Hellberg with a rebound.
12:30 of 1st period - Wrist shot by Mason Raymond.
12:30 of 1st period - Shot Misses the Net.
12:32 of 1st period - Slapshot by Jake McCabe.
12:32 of 1st period - Stopped by Magnus Hellberg with a rebound.
12:48 of 1st period - Slapshot by Tomas Kundratek.
12:48 of 1st period - Stopped by Joe Cannata with a rebound.
13:05 of 1st period - Minor Penalty to Brendan Gaunce for Roughing.
13:06 of 1st period - Boone Jenner wins face-off versus Alexander Wennberg in Knights zone.
13:20 of 1st period - Snap shot by Carl Hagelin.
13:20 of 1st period - Shot Misses the Net.
13:41 of 1st period - Icing by Mark Stone.
13:42 of 1st period - Boone Jenner wins face-off versus Alexander Wennberg in Saguenéens zone.
15:04 of 1st period - Icing by Craig Cunningham.
15:05 of 1st period - Penalty to Brendan Gaunce is over, Brendan Gaunce is back on ice.
15:05 of 1st period - Brendan Gaunce wins face-off versus Teemu Pulkkinen in Saguenéens zone.
15:12 of 1st period - Nick Mattson is hit by Josh Morrissey and loses puck.
16:31 of 1st period - Patrick Sieloff is hit by Brendan Gaunce.
16:54 of 1st period - Michael Matheson is hit by Alexander Wennberg and loses puck.
17:05 of 1st period - Miro Aaltonen is hit by Mason Raymond and loses puck.
17:24 of 1st period - Snap shot by Josh Bailey.
17:24 of 1st period - Shot Misses the Net.
17:30 of 1st period - Michael Matheson is hit by Henrik Samuelsson and loses puck.
18:06 of 1st period - Wrist shot by Nikolay Goldobin.
18:06 of 1st period - Shot Misses the Net.
18:08 of 1st period - Slapshot by Nikolay Goldobin.
18:08 of 1st period - Stopped by Joe Cannata without a rebound.
18:09 of 1st period - Miro Aaltonen wins face-off versus Mattias Janmark in Saguenéens zone.
18:22 of 1st period - Kevin Marshall is hit by Boone Jenner and loses puck.
18:41 of 1st period - Minor Penalty to Seth Helgeson for Holding.
18:42 of 1st period - Mason Raymond wins face-off versus Boone Jenner in Saguenéens zone.
18:52 of 1st period - Snap shot by Jordan Martinook.
18:52 of 1st period - Goal by Jordan Martinook - Saguenéens : 0 - Knights : 1.
18:53 of 1st period - Boone Jenner wins face-off versus Alexander Wennberg in neutral zone.
19:19 of 1st period - Nathan MacKinnon is hit by Tomas Kundratek and loses puck.
Goals for this period are 0 for Saguenéens vs 1 for Knights.
Shots for this period are 13 for Saguenéens vs 7 for Knights.

2nd period


0:01 of 2nd period - Boone Jenner wins face-off versus Alexander Wennberg in neutral zone.
0:04 of 2nd period - Mark Stone is hit by Josh Bailey and loses puck.
1:16 of 2nd period - Slapshot by Jaccob Slavin.
1:16 of 2nd period - Shot Misses the Net.
1:18 of 2nd period - Snap shot by Valentin Zykov.
1:18 of 2nd period - Shot Misses the Net.
1:31 of 2nd period - Off-side.
1:32 of 2nd period - Boone Jenner wins face-off versus Nathan MacKinnon in neutral zone.
1:43 of 2nd period - Snap shot by Boone Jenner.
1:43 of 2nd period - Stopped by Joe Cannata with a rebound.
1:45 of 2nd period - Slapshot by Michael Matheson.
1:45 of 2nd period - Shot Blocked by Luke Witkowski.
1:47 of 2nd period - Snap shot by Ronalds Kenins.
1:47 of 2nd period - Shot Blocked by Mason Raymond.
1:49 of 2nd period - Slapshot by Josh Morrissey.
1:49 of 2nd period - Stopped by Joe Cannata with a rebound.
1:59 of 2nd period - Boone Jenner is hit by Mason Raymond and loses puck.
2:36 of 2nd period - Snap shot by Josh Bailey.
2:36 of 2nd period - Goal by Josh Bailey - Saguenéens : 0 - Knights : 2.
2:37 of 2nd period - Linden Vey wins face-off versus Alexander Wennberg in neutral zone.
2:41 of 2nd period - Minor Penalty to Nick Mattson for High sticking.
2:42 of 2nd period - Boone Jenner wins face-off versus Mason Raymond in Saguenéens zone.
4:41 of 2nd period - Penalty to Nick Mattson is over, Nick Mattson is back on ice.
6:07 of 2nd period - Tomas Kundratek is hit by Patrick Sieloff and loses puck.
6:24 of 2nd period - Slapshot by Nathan Walker.
6:24 of 2nd period - Shot Blocked by Duncan Siemens.
6:26 of 2nd period - Slapshot by Ludwig Bystrom.
6:26 of 2nd period - Shot Blocked by Patrick Sieloff.
6:34 of 2nd period - Mason Raymond is hit by Michael Matheson and loses puck.
7:05 of 2nd period - Snap shot by Henrik Samuelsson.
7:05 of 2nd period - Shot Misses the Net.
7:07 of 2nd period - Snap shot by Kevin Marshall.
7:07 of 2nd period - Shot Blocked by Collin Miller.
7:09 of 2nd period - Wrist shot by Seth Helgeson.
7:09 of 2nd period - Shot Misses the Net.
7:11 of 2nd period - Slapshot by Seth Helgeson.
7:11 of 2nd period - Deflect By Craig Cunningham.
7:11 of 2nd period - Goal by Craig Cunningham - Saguenéens : 1 - Knights : 2.
7:12 of 2nd period - Alexander Wennberg wins face-off versus Boone Jenner in neutral zone.
8:17 of 2nd period - Icing by Tomas Kundratek.
8:18 of 2nd period - Mark Stone wins face-off versus Brendan Gaunce in Knights zone.
8:25 of 2nd period - Wrist shot by Carl Hagelin.
8:25 of 2nd period - Shot Misses the Net.
8:27 of 2nd period - Slapshot by Kevin Marshall.
8:27 of 2nd period - Stopped by Magnus Hellberg with a rebound.
8:29 of 2nd period - Slapshot by Mark Stone.
8:29 of 2nd period - Stopped by Magnus Hellberg with a rebound.
8:31 of 2nd period - Wrist shot by Carl Hagelin.
8:31 of 2nd period - Shot Blocked by Jaccob Slavin.
8:51 of 2nd period - Snap shot by Ronalds Kenins.
8:51 of 2nd period - Stopped by Joe Cannata without a rebound.
8:52 of 2nd period - Alexander Wennberg wins face-off versus Miro Aaltonen in Saguenéens zone.
9:42 of 2nd period - Kevin Marshall is hit by Ludwig Bystrom and loses puck.
10:05 of 2nd period - Slapshot by Seth Helgeson.
10:05 of 2nd period - Stopped by Magnus Hellberg with a rebound.
11:08 of 2nd period - Craig Cunningham is hit by Michael Matheson and loses puck.
11:42 of 2nd period - Alexander Wennberg is hit by Alan Quine and loses puck.
12:23 of 2nd period - Collin Miller is hit by Kevin Marshall and loses puck.
12:51 of 2nd period - Wrist shot by Carl Hagelin.
12:51 of 2nd period - Shot Misses the Net.
14:31 of 2nd period - Minor Penalty to Boone Jenner for Diving.
14:32 of 2nd period - Nathan MacKinnon wins face-off versus Miro Aaltonen in Knights zone.
15:01 of 2nd period - Snap shot by Alexander Wennberg.
15:01 of 2nd period - Deflect By Mark Stone.
15:01 of 2nd period - Stopped by Magnus Hellberg without a rebound.
15:02 of 2nd period - Nathan MacKinnon wins face-off versus Brendan Gaunce in Knights zone.
15:07 of 2nd period - Backhand shot by Nathan MacKinnon.
15:07 of 2nd period - Stopped by Magnus Hellberg without a rebound.
15:08 of 2nd period - Brendan Gaunce wins face-off versus Nathan MacKinnon in Knights zone.
15:30 of 2nd period - Linden Vey is hit by Luke Witkowski and loses puck.
15:41 of 2nd period - Snap shot by Jake McCabe.
15:41 of 2nd period - Stopped by Magnus Hellberg with a rebound.
15:51 of 2nd period - Snap shot by Luke Witkowski.
15:51 of 2nd period - Shot Misses the Net.
16:05 of 2nd period - Snap shot by Mark Stone.
16:05 of 2nd period - Stopped by Magnus Hellberg with a rebound.
16:31 of 2nd period - Penalty to Boone Jenner is over, Boone Jenner is back on ice.
16:37 of 2nd period - Snap shot by Ronalds Kenins.
16:37 of 2nd period - Shot Misses the Net.
17:00 of 2nd period - Off-side.
17:01 of 2nd period - Alan Quine wins face-off versus Mattias Janmark in neutral zone.
17:06 of 2nd period - Wrist shot by Nathan Walker.
17:06 of 2nd period - Shot Misses the Net.
18:40 of 2nd period - Backhand shot by Carl Hagelin.
18:40 of 2nd period - Stopped by Magnus Hellberg with a rebound.
18:58 of 2nd period - Wrist shot by Miro Aaltonen.
18:58 of 2nd period - Shot Misses the Net.
Goals for this period are 1 for Saguenéens vs 1 for Knights.
Shots for this period are 9 for Saguenéens vs 4 for Knights.

3rd period


0:01 of 3rd period - Ronalds Kenins wins face-off versus Nathan MacKinnon in neutral zone.
0:16 of 3rd period - Wrist shot by Josh Bailey.
0:16 of 3rd period - Goal by Josh Bailey - Saguenéens : 1 - Knights : 3.
0:17 of 3rd period - Boone Jenner wins face-off versus Nathan MacKinnon in neutral zone.
0:55 of 3rd period - Tomas Kundratek is hit by Alexander Wennberg and loses puck.
1:30 of 3rd period - Slapshot by Nathan Walker.
1:30 of 3rd period - Stopped by Joe Cannata with a rebound.
1:45 of 3rd period - Snap shot by Luke Witkowski.
1:45 of 3rd period - Shot Misses the Net.
1:47 of 3rd period - Wrist shot by Mason Raymond.
1:47 of 3rd period - Shot Misses the Net.
1:49 of 3rd period - Slapshot by Kevin Marshall.
1:49 of 3rd period - Shot Misses the Net.
1:51 of 3rd period - Snap shot by Luke Witkowski.
1:51 of 3rd period - Stopped by Magnus Hellberg without a rebound.
1:52 of 3rd period - Nathan MacKinnon wins face-off versus Boone Jenner in Knights zone.
1:53 of 3rd period - Slapshot by Luke Witkowski.
1:53 of 3rd period - Stopped by Magnus Hellberg with a rebound.
2:05 of 3rd period - Slapshot by Nathan MacKinnon.
2:05 of 3rd period - Goal by Nathan MacKinnon - Saguenéens : 2 - Knights : 3.
2:06 of 3rd period - Nathan MacKinnon wins face-off versus Boone Jenner in neutral zone.
2:09 of 3rd period - Snap shot by Mason Raymond.
2:09 of 3rd period - Shot Blocked by Josh Morrissey.
2:31 of 3rd period - Jordan Martinook is hit by Carl Hagelin and loses puck.
3:03 of 3rd period - Brendan Gaunce is hit by Duncan Siemens and loses puck.
3:21 of 3rd period - Snap shot by Ronalds Kenins.
3:21 of 3rd period - Stopped by Joe Cannata with a rebound.
3:23 of 3rd period - Slapshot by Ludwig Bystrom.
3:23 of 3rd period - Shot Blocked by Adam Erne.
3:25 of 3rd period - Backhand shot by Ronalds Kenins.
3:25 of 3rd period - Goal by Ronalds Kenins - Saguenéens : 2 - Knights : 4.
3:25 of 3rd period - Tyler Beskorowany enters game.
3:26 of 3rd period - Nathan MacKinnon wins face-off versus Josh Bailey in neutral zone.
3:32 of 3rd period - Tomas Kundratek is hit by Luke Witkowski and loses puck.
3:41 of 3rd period - Snap shot by Luke Witkowski.
3:41 of 3rd period - Stopped by Magnus Hellberg without a rebound.
3:42 of 3rd period - Alexander Wennberg wins face-off versus Miro Aaltonen in Knights zone.
3:51 of 3rd period - Wrist shot by Miro Aaltonen.
3:51 of 3rd period - Shot Blocked by Carl Hagelin.
3:53 of 3rd period - Snap shot by Miro Aaltonen.
3:53 of 3rd period - Deflect By Linden Vey.
3:53 of 3rd period - Shot Misses the Net.
3:53 of 3rd period - Puck is out of play.
3:54 of 3rd period - Luke Witkowski wins face-off versus Boone Jenner in Saguenéens zone.
3:59 of 3rd period - Michael Matheson is hit by Seth Helgeson and loses puck.
4:03 of 3rd period - Icing by Josh Morrissey.
4:04 of 3rd period - Mason Raymond wins face-off versus Boone Jenner in Knights zone.
4:29 of 3rd period - Wrist shot by Luke Witkowski.
4:29 of 3rd period - Shot Blocked by Josh Bailey.
5:21 of 3rd period - Snap shot by Nathan MacKinnon.
5:21 of 3rd period - Stopped by Magnus Hellberg with a rebound.
5:46 of 3rd period - Icing by Boone Jenner.
5:47 of 3rd period - Alexander Wennberg wins face-off versus Boone Jenner in Knights zone.
5:58 of 3rd period - Snap shot by Alexander Wennberg.
5:58 of 3rd period - Stopped by Magnus Hellberg with a rebound.
6:00 of 3rd period - Snap shot by Carl Hagelin.
6:00 of 3rd period - Stopped by Magnus Hellberg with a rebound.
6:02 of 3rd period - Snap shot by Carl Hagelin.
6:02 of 3rd period - Stopped by Magnus Hellberg without a rebound.
6:03 of 3rd period - Miro Aaltonen wins face-off versus Henrik Samuelsson in Knights zone.
6:14 of 3rd period - Rhett Rakhshani is hit by Jordan Martinook and loses puck.
7:18 of 3rd period - Linden Vey is hit by Craig Cunningham and loses puck.
7:31 of 3rd period - Kevin Marshall is hit by Tomas Kundratek.
7:48 of 3rd period - Mark Stone is hit by Collin Miller and loses puck.
8:23 of 3rd period - Teemu Pulkkinen is hit by Valentin Zykov and loses puck.
8:38 of 3rd period - Snap shot by Nathan Walker.
8:38 of 3rd period - Shot Blocked by Nathan MacKinnon.
8:40 of 3rd period - Slapshot by Ludwig Bystrom.
8:40 of 3rd period - Deflect By Mason Raymond.
8:40 of 3rd period - Stopped by Tyler Beskorowany with a rebound.
8:50 of 3rd period - Brendan Gaunce is hit by Patrick Sieloff and loses puck.
9:33 of 3rd period - Linden Vey is hit by Seth Helgeson and loses puck.
9:58 of 3rd period - Snap shot by Nathan Walker.
9:58 of 3rd period - Shot Misses the Net.
10:14 of 3rd period - Wrist shot by Alexander Wennberg.
10:14 of 3rd period - Stopped by Magnus Hellberg without a rebound.
10:15 of 3rd period - Alexander Wennberg wins face-off versus Boone Jenner in Knights zone.
10:19 of 3rd period - Minor Penalty to Ronalds Kenins for High sticking.
10:20 of 3rd period - Nathan MacKinnon wins face-off versus Boone Jenner in Knights zone.
10:22 of 3rd period - Wrist shot by Luke Witkowski.
10:22 of 3rd period - Shot Misses the Net.
10:24 of 3rd period - Slapshot by Nathan MacKinnon.
10:24 of 3rd period - Shot Misses the Net.
10:49 of 3rd period - Off-side.
10:50 of 3rd period - Brendan Gaunce wins face-off versus Alexander Wennberg in neutral zone.
10:55 of 3rd period - Snap shot by Josh Bailey.
10:55 of 3rd period - Stopped by Tyler Beskorowany without a rebound.
10:56 of 3rd period - Nathan MacKinnon wins face-off versus Brendan Gaunce in Saguenéens zone.
11:03 of 3rd period - Backhand shot by Nathan MacKinnon.
11:03 of 3rd period - Deflect By Mason Raymond.
11:03 of 3rd period - Goal by Mason Raymond - Saguenéens : 3 - Knights : 4.
11:04 of 3rd period - Boone Jenner wins face-off versus Nathan MacKinnon in neutral zone.
11:37 of 3rd period - Icing by Nick Mattson.
11:38 of 3rd period - Alexander Wennberg wins face-off versus Miro Aaltonen in Saguenéens zone.
11:38 of 3rd period - Alexander Wennberg is hit by Linden Vey.
11:44 of 3rd period - Michael Matheson is hit by Alexander Wennberg and loses puck.
12:01 of 3rd period - Slapshot by Linden Vey.
12:01 of 3rd period - Deflect By Miro Aaltonen.
12:01 of 3rd period - Shot Blocked by Nick Mattson.
12:01 of 3rd period - Puck is out of play.
12:02 of 3rd period - Boone Jenner wins face-off versus Henrik Samuelsson in Saguenéens zone.
12:15 of 3rd period - Collin Miller is hit by Kevin Marshall and loses puck.
12:28 of 3rd period - Mason Raymond is hit by Collin Miller and loses puck.
12:33 of 3rd period - Wrist shot by Brendan Gaunce.
12:33 of 3rd period - Stopped by Tyler Beskorowany without a rebound.
12:34 of 3rd period - Nathan MacKinnon wins face-off versus Miro Aaltonen in Saguenéens zone.
13:03 of 3rd period - Slapshot by Ronalds Kenins.
13:03 of 3rd period - Shot Misses the Net.
13:25 of 3rd period - Wrist shot by Craig Cunningham.
13:25 of 3rd period - Deflect By Henrik Samuelsson.
13:25 of 3rd period - Stopped by Magnus Hellberg with a rebound.
13:29 of 3rd period - Wrist shot by Henrik Samuelsson.
13:29 of 3rd period - Stopped by Magnus Hellberg with a rebound.
13:45 of 3rd period - Snap shot by Nathan MacKinnon.
13:45 of 3rd period - Shot Blocked by Tomas Kundratek.
13:55 of 3rd period - Wrist shot by Nikolay Goldobin.
13:55 of 3rd period - Stopped by Tyler Beskorowany with a rebound.
13:57 of 3rd period - Slapshot by Tomas Kundratek.
13:57 of 3rd period - Shot Blocked by Duncan Siemens.
13:59 of 3rd period - Snap shot by Nikolay Goldobin.
13:59 of 3rd period - Stopped by Tyler Beskorowany without a rebound.
14:00 of 3rd period - Alexander Wennberg wins face-off versus Boone Jenner in Saguenéens zone.
14:06 of 3rd period - Josh Morrissey is hit by Mark Stone.
14:28 of 3rd period - Josh Morrissey is hit by Seth Helgeson and loses puck.
14:33 of 3rd period - Wrist shot by Henrik Samuelsson.
14:33 of 3rd period - Stopped by Magnus Hellberg with a rebound.
14:52 of 3rd period - Nick Mattson is hit by Nathan Walker and loses puck.
15:00 of 3rd period - Minor Penalty to Nick Mattson for High sticking.
15:01 of 3rd period - Boone Jenner wins face-off versus Luke Witkowski in Saguenéens zone.
15:03 of 3rd period - Slapshot by Jaccob Slavin.
15:03 of 3rd period - Shot Misses the Net.
15:05 of 3rd period - Slapshot by Jaccob Slavin.
15:05 of 3rd period - Goal by Jaccob Slavin - Saguenéens : 3 - Knights : 5.
15:06 of 3rd period - Boone Jenner wins face-off versus Henrik Samuelsson in neutral zone.
15:31 of 3rd period - Mason Raymond is hit by Linden Vey and loses puck.
15:52 of 3rd period - Slapshot by Seth Helgeson.
15:52 of 3rd period - Stopped by Magnus Hellberg with a rebound.
16:33 of 3rd period - Minor Penalty to Ronalds Kenins for Delaying the game.
16:34 of 3rd period - Nathan MacKinnon wins face-off versus Boone Jenner in Knights zone.
16:45 of 3rd period - Wrist shot by Luke Witkowski.
16:45 of 3rd period - Goal by Luke Witkowski - Saguenéens : 4 - Knights : 5.
16:46 of 3rd period - Henrik Samuelsson wins face-off versus Ronalds Kenins in neutral zone.
16:49 of 3rd period - Ronalds Kenins is hit by Kevin Marshall and loses puck.
17:01 of 3rd period - Minor Penalty to Jaccob Slavin for Elbowing.
17:02 of 3rd period - Boone Jenner wins face-off versus Nathan MacKinnon in Knights zone.
18:05 of 3rd period - Nathan MacKinnon is hit by Brendan Gaunce and loses puck.
18:09 of 3rd period - Icing by Nick Mattson.
18:10 of 3rd period - Nathan MacKinnon wins face-off versus Brendan Gaunce in Saguenéens zone.
19:01 of 3rd period - Penalty to Jaccob Slavin is over, Jaccob Slavin is back on ice.
19:05 of 3rd period - Saguenéens, Tyler Beskorowany is pulled from the net.
19:09 of 3rd period - Snap shot by Luke Witkowski.
19:09 of 3rd period - Stopped by Magnus Hellberg without a rebound.
19:10 of 3rd period - Mario Tremblay call a timeout for Saguenéens.
19:10 of 3rd period - Boone Jenner wins face-off versus Nathan MacKinnon in Knights zone.
19:21 of 3rd period - Wrist shot by Linden Vey.
19:21 of 3rd period - Goal by Linden Vey - Saguenéens : 4 - Knights : 6.
19:21 of 3rd period - Tyler Beskorowany from Saguenéens was sent back in the game.
19:22 of 3rd period - Henrik Samuelsson wins face-off versus Brendan Gaunce in neutral zone.
Goals for this period are 3 for Saguenéens vs 4 for Knights.
Shots for this period are 16 for Saguenéens vs 11 for Knights.